 Dungeon Crawl Stone Soup version 0.28.0 (webtiles) character file.

Game seed: 12255625314252538061

5914 DildoBatman the Magician (level 11, -5/78 HPs)
             Began as a Formicid Conjurer on Feb 10, 2022.
             Was a Priest of Kikubaaqudgha.
             Slain by an eight-headed hydra (8 damage)
             ... on level 8 of the Dungeon.
             The game lasted 00:33:51 (8536 turns).

DildoBatman the Magician (Formicid Conjurer)        Turns: 8536, Time: 00:33:51

Health: -5/78      AC:  9    Str: 12    XL:     11   Next: 8%
Magic:  30/30      EV: 11    Int: 18    God:    Kikubaaqudgha [***...]
Gold:   593        SH:  0    Dex: 13    Spells: 10/24 levels left

rFire   . . .      SeeInvis +   a - +4 hunting sling
rCold   . . .      Faith    .   (no shield)
rNeg    . . .      Spirit   .   M - +3 ring mail
rPois   +          Reflect  .   (helmet unavailable)
rElec   .          Harm     .   (no cloak)
rCorr   .          Rampage  .   (no gloves)
Will    +....                   (no boots)
Stlth   +.........              (no amulet)
HPRegen 0.23/turn               i - ring of poison resistance
MPRegen 0.22/turn               t - ring of magical power

@: studying Armour
A: permanent stasis, dig shafts and tunnels, antennae 3, four strong arms
a: Dig, Shaft Self, Renounce Religion, Receive Corpses


You were on level 8 of the Dungeon.
You worshipped Kikubaaqudgha.
Kikubaaqudgha was most pleased with you.
You visited 2 branches of the dungeon, and saw 10 of its levels.
You also visited: Bailey.

You collected 773 gold pieces.
You spent 180 gold pieces at shops.

Inventory:

Hand Weapons
 a - a +4 hunting sling (weapon)
 b - a +0 long sword
Missiles
 c - 267 stones (quivered ammo)
 f - 25 bolts
 l - 45 poisoned darts
 x - 8 boomerangs
 z - a throwing net
 D - 77 arrows
 E - 20 sling bullets
 H - 7 javelins
Armour
 M - a +3 ring mail (worn)
Magical Staves
 h - a staff of fire
 y - a staff of conjuration
 L - a staff of cold
Jewellery
 i - a ring of poison resistance (left hand)
 p - a ring of resist corrosion
 q - a ring of protection from cold
 t - a ring of magical power (right hand)
 N - a ring of protection from cold
Wands
 u - a wand of iceblast (5)
 A - a wand of flame (11)
 B - a wand of acid (3)
 C - a wand of charming (6)
 J - a wand of mindburst (11)
Scrolls
 j - 3 scrolls of fog
 n - a scroll of amnesia
 o - a scroll of torment
 r - a scroll of immolation
 v - 3 scrolls of enchant weapon
 w - a scroll of silence {unknown}
 F - 2 scrolls of noise {unknown}
 G - a scroll of brand weapon {unknown}
 K - 3 scrolls of enchant armour
Potions
 d - 3 potions of heal wounds
 e - a potion of attraction {unknown}
 g - a potion of flight {unknown}
 k - 2 potions of haste {unknown}
 m - a potion of ambrosia {unknown}
 s - 5 potions of curing
 I - 2 potions of brilliance {unknown}


   Skills:
 * Level 4.3 Fighting
 * Level 4.5 Armour
 - Level 3.0 Dodging
 - Level 2.4 Stealth
 - Level 7.0 Spellcasting
 - Level 6.0 Conjurations
 * Level 5.6 Necromancy
 * Level 5.2 Fire Magic
 - Level 6.0 Air Magic
 * Level 6.2 Poison Magic


You had 10 spell levels left.
You knew the following spells:

 Your Spells              Type           Power      Damage    Failure   Level
a - Searing Ray           Conj           54%        2d6       3%          2
b - Ignite Poison         Fire/Tmut/Pois 20%        N/A       14%         3
c - Magic Dart            Conj           100%       1d8       1%          1
d - Vampiric Draining     Necr           26%        2d7       7%          3
e - Mephitic Cloud        Conj/Pois/Air  28%        N/A       5%          3
z - Sublimation of Blood  Necr           26%        N/A       3%          2

Your spell library contained the following spells:

 Spells                   Type           Power      Damage    Failure   Level
 Animate Skeleton         Necr           52%        N/A       2%          1
 Pain                     Necr           100%       1d9       2%          1
 Dazzling Flash           Conj/Hex       34%        N/A       21%         3
 Freeze                   Ice            24%        1d5       22%         1
 Slow                     Hex            24%        N/A       22%         1
 Summon Small Mammal      Summ           24%        N/A       22%         1
 Animate Dead             Necr           13%        N/A       22%         4
 Fulminant Prism          Conj/Hex       8%         3d7       54%         4
 Iskenderun's Mystic Bla  Conj/Tloc      17%        2d5       54%         4
 Agony                    Necr           26%        N/A       54%         5
 Excruciating Wounds      Necr           13%        N/A       54%         5
 Tukima's Dance           Hex            6%         N/A       56%         3
 Anguish                  Hex/Necr       8%         N/A       58%         4
 Freezing Cloud           Conj/Ice/Air   10%        6-21      77%         5
 Irradiate                Conj/Tmut      8%         3d16      88%         5
 Borgnjor's Vile Clutch   Necr/Erth      8%         N/A       90%         5
 Petrify                  Tmut/Erth      6%         N/A       92%         4
 Death Channel            Necr           13%        N/A       98%         6
 Enfeeble                 Hex            3%         N/A       100%        7


Dungeon Overview and Level Annotations

Branches:
Dungeon (9/15)             Temple (1/1) D:4             Orc (0/2) D:9
 Bailey (visited)
   Lair: D:8-11

Altars:
Ashenzari
Cheibriados
Dithmenos
Elyvilon
Fedhas
Gozag
Hepliaklqana
Kikubaaqudgha
Makhleb
Nemelex Xobeh
Okawaru
Qazlal
Ru
Sif Muna
Trog
Uskayaw
Vehumet
Wu Jian
Xom
Yredelemnul
Zin
The Shining One

Shops:
D:4 *??(:   D:6 *   D:8 [

Annotations:
D:8 exclusion: hydra


Innate Abilities, Weirdness & Mutations

You cannot be hasted, slowed, berserked, paralysed or teleported.
You can dig through walls and to a lower floor.
You have a pair of large antennae on your head. (SInv)
Your four strong arms can wield two-handed weapons with a shield.


Message History

The eight-headed hydra roars!
Unknown command.
Unknown command.
Unknown command.
Unknown command.
Unknown command.
Unknown command.
Unknown command.
Unknown command.
There is an escape hatch in the ceiling here.
The eight-headed hydra bites you.
The eight-headed hydra barely misses you.
The eight-headed hydra bites you. x2
The eight-headed hydra bites you but does no damage.
The eight-headed hydra bites you. The eight-headed hydra bites you!
The eight-headed hydra bites you but does no damage.
A mysterious force pulls you upwards. The hatch slams shut behind you.
Level annotation: exclusion: hydra
Things that are here:
a +0 hand axe; a +0 leather armour; a +0 club You see here a +0 club.
The eight-headed hydra closely misses you.
The eight-headed hydra barely misses you.
The eight-headed hydra bites you. x2
The eight-headed hydra bites you!
The eight-headed hydra barely misses you.
The eight-headed hydra closely misses you.
The eight-headed hydra bites you. The eight-headed hydra bites you! x2
The eight-headed hydra bites you but does no damage. x2
The eight-headed hydra closely misses you.
The eight-headed hydra bites you. x2
The eight-headed hydra bites you!
The eight-headed hydra bites you but does no damage.
The eight-headed hydra misses you. The eight-headed hydra bites you!
You die...
Kikubaaqudgha rasps: "You have failed me!
Welcome... death!"

...#.................#.....## #
#####......###..#........########
...#....#####...#....##..[.).....
##.#.######.....#.....#.#########
#.#.#>.....##..#.........### #
#.....#######.....###......#####
###.#.#######..##.#.##...........
........##.....######....>......#
...........#.#.D@.#............<#
........#......##.#.###.....#...#
...........#.#..#.#.#....####....
........#.......#...###..# #....
..............########.∩.#####...
.[.......##.####.............#.##
#...........# #...#...........##
#...######### ##.............####
#...# ####....###..###..# #


You could see an eight-headed hydra.

Vanquished Creatures
  2 centaur zombies (D:9)
  A troll (D:9)
  Sigmund (D:4)
  A wyvern (D:9)
  4 yaks (D:9)
  3 water moccasins
  An ice beast (D:7)
  7 orc warriors
  2 black bears
  4 sky beasts
  A hornet zombie (D:9)
  A necrophage (D:9)
  2 ogres
  12 centaurs
  2 phantoms
  5 bullfrogs
  3 scorpions
  A gnoll sergeant (D:9)
  6 killer bees (D:9)
  An electric eel (D:9)
  A hound (D:5)
  2 jellies
  2 orc priests
  An iguana (D:4)
  4 orc wizards
  A killer bee zombie (D:8)
  A mummy (D:9)
  4 gnolls (D:9)
  4 adders
  2 white imps (D:6)
  2 ufetubi
  An adder skeleton (D:4)
  4 worms
  A dart slug (D:1)
  44 orcs
  6 ball pythons
  6 endoplasms
  2 giant cockroaches
  4 goblins
  5 hobgoblins
  4 jackals (D:1)
  6 kobolds
  2 quokkas
  6 bats
  6 frilled lizards
  A rat (D:1)
182 creatures vanquished.

Vanquished Creatures (others)
  A plant (D:8)
  3 withered plants (D:9)
4 creatures vanquished.

Grand Total: 186 creatures vanquished

Notes
Turn   | Place    | Note
-------+----------+-------------------------------------------
     0 | D:1      | DildoBatman the Formicid Conjurer began the quest for the
                  | Orb.
     0 | D:1      | Reached XP level 1. HP: 13/13 MP: 3/3
   244 | D:1      | Reached XP level 2. HP: 19/19 MP: 1/5
   247 | D:1      | Learned a level 2 spell: Searing Ray
   596 | D:1      | Reached XP level 3. HP: 21/24 MP: 6/6
   865 | D:2      | Found a faded altar of an unknown god.
   993 | D:2      | Found an iron altar of Okawaru.
  1039 | D:2      | Reached XP level 4. HP: 30/30 MP: 4/7
  1156 | D:2      | Reached skill level 5 in Conjurations
  1935 | D:4      | Noticed Sigmund
  1980 | D:4      | Found Meuvips's Magic Scroll Shop.
  1985 | D:4      | Bought a scroll of identify for 20 gold pieces
  1985 | D:4      | Bought a scroll of fear for 35 gold pieces
  1985 | D:4      | Bought a scroll of fog for 20 gold pieces
  1985 | D:4      | Bought a scroll of immolation for 35 gold pieces
  1985 | D:4      | Bought a scroll of identify for 20 gold pieces
  2002 | D:4      | Found Hoalee's Antique Weapon Shop.
  2033 | D:4      | Noticed a water moccasin
  2112 | D:4      | Reached skill level 1 in Fighting
  2112 | D:4      | Reached skill level 1 in Armour
  2112 | D:4      | Reached XP level 5. HP: 37/37 MP: 1/8
  2202 | D:4      | Found a staircase to the Ecumenical Temple.
  2238 | D:4      | Found Rikheucs's Assorted Antiques.
  2247 | D:4      | Bought a glowing black potion for 26 gold pieces
  2410 | D:4      | Reached skill level 3 in Spellcasting
  2410 | D:4      | Reached XP level 6. HP: 38/44 MP: 0/10
  2454 | D:4      | Found Vulyatue's Magic Scroll Shoppe.
  2461 | D:4      | Bought a scroll of identify for 24 gold pieces
  2520 | D:5      | Entered Level 5 of the Dungeon
  2605 | D:5      | Noticed a water moccasin
  2709 | D:5      | Noticed a sky beast
  2853 | D:5      | Noticed a sky beast
  2858 | D:5      | Killed a sky beast
  2968 | D:5      | Noticed an ogre
  2974 | D:5      | Killed an ogre
  2975 | D:5      | Reached skill level 4 in Spellcasting
  2975 | D:5      | Reached XP level 7. HP: 45/49 MP: 13/13
  3128 | Temple   | Entered the Ecumenical Temple
  3380 | Temple   | Became a worshipper of Kikubaaqudgha
  3406 | D:5      | Reached skill level 5 in Spellcasting
  3561 | D:4      | Found Siexzathi's Book Emporium.
  3655 | D:4      | Killed Sigmund
  3656 | D:4      | Reached skill level 6 in Spellcasting
  3656 | D:4      | Reached XP level 8. HP: 21/56 MP: 15/17
  3704 | D:4      | Reached skill level 7 in Spellcasting
  3708 | D:4      | Learned a level 3 spell: Mephitic Cloud
  3711 | D:4      | Learned a level 2 spell: Sublimation of Blood
  3715 | D:4      | Learned a level 3 spell: Ignite Poison
  3814 | D:4      | Reached skill level 1 in Air Magic
  3814 | D:4      | Reached skill level 1 in Poison Magic
  4470 | D:6      | Reached XP level 9. HP: 55/61 MP: 19/19
  4782 | D:6      | Found Jelair's Lightly-Used Armoury.
  4792 | D:6      | Reached skill level 5 in Poison Magic
  4954 | D:7      | Reached * piety under Kikubaaqudgha
  4954 | D:7      | Received a gift from Kikubaaqudgha
  5006 | D:7      | Found a shimmering blue altar of Sif Muna.
  5015 | D:7      | Got Sif Muna's Volume of Cold
  5017 | D:7      | Got Sif Muna's Almanac of the Entourage
  5019 | D:7      | Got Sif Muna's Grimoire of Execration
  5086 | D:7      | Reached skill level 5 in Air Magic
  5191 | D:7      | Learned a level 3 spell: Vampiric Draining
  5410 | D:7      | Reached skill level 1 in Necromancy
  5601 | D:8      | Found Puxus's Hydra Hut.
  5608 | D:8      | Noticed a six-headed hydra
  5706 | D:8      | Reached skill level 1 in Fire Magic
  5966 | D:8      | Found Rephukke's Antique Armour Boutique.
  6399 | D:9      | Reached XP level 10. HP: 60/67 MP: 20/20
  6453 | D:9      | Noticed an eight-headed hydra
  6638 | D:9      | Reached ** piety under Kikubaaqudgha
  6652 | D:9      | Found a flagged portal.
  6746 | Bailey   | Entered a bailey
  7007 | Bailey   | Reached skill level 5 in Necromancy
  7289 | Bailey   | Reached skill level 5 in Fire Magic
  7390 | Bailey   | Reached *** piety under Kikubaaqudgha
  7390 | Bailey   | Received a gift from Kikubaaqudgha
  7405 | Bailey   | Reached XP level 11. HP: 25/77 MP: 21/21
  8160 | D:9      | Found a staircase to the Orcish Mines.
  8531 | D:8      | HP: 2/78 [eight-headed hydra (10)]
  8536 | D:8      | Slain by an eight-headed hydra

Illustrated notes

Levels and vault maps discovered:
D:1:      saegor_arrival_simple_d, layout_basic
D:2:      layout_rooms, dreamdust_ecumenical_altar_grove, basic_altar
D:3:      layout_loops_ring
D:4:      layout_loops_ring, minmay_temple_entry_from_below_b, serial_shops,
          nicolae_shop_window_shopping, nicolae_square_shop,
          nicolae_shop_waterfront, nicolae_square_shop, kennysheep_little_box,
          uniq_sigmund
D:5:      layout_cave_pools
D:6:      layout_loops_ring, minmay_shop_damaged
D:7:      layout_basic, nicolae_sif_muna_little_library
D:8:      layout_rooms, serial_co_window_serial, co_window_paths_a,
          co_window_corner_a, co_window_paths_a, co_window_of_opportunity_a,
          co_window_of_opportunity_a, co_window_of_opportunity_c,
          co_window_unsneaky_path_a, co_window_broadway_b, co_window_2corner,
          co_window_paths_c, glass_columns_c, glass_columns_a, glass_columns_b,
          glass_columns_c, glass_columns_a, serial_shops, shop,
          doesnt_shop_hydraphobe
D:9:      layout_small_grid, orc_0_dummy, enter_bailey_2, serial_undead,
          serial_undead_f, serial_undead_f, serial_undead_f, serial_undead_d
Temple:   nicolae_temple_the_god_donut

Skill      XL: |  1  2  3  4  5  6  7  8  9 10 |
---------------+-------------------------------+-----
Conjurations   | 4 5 6 |  6.0
Fighting       | 1 2 4 |  4.3
Armour         | 1 2 4 |  4.5
Spellcasting   | 3 4 6 7 |  7.0
Air Magic      | 3 5 6 |  6.0
Poison Magic   | 4 6 |  6.2
Necromancy     | 3 5 |  5.6
Fire Magic     | 2 5 |  5.2
Dodging        | 3 |  3.0
Stealth        | |  2.4

Action                   |  1- 3 |  4- 6 |  7- 9 | 10-12 || total
-------------------------+-------+-------+-------+-------++-------
 Fire: Hunting sling     |    22 |    20 |   121 |   140 ||   303
 Cast: Magic Dart        |    18 |    14 |    17 |     1 ||    50
       Searing Ray       |     6 |    15 |    27 |     5 ||    53
       Mephitic Cloud    |       |       |    19 |    37 ||    56
       Ignite Poison     |       |       |     7 |    11 ||    18
       Vampiric Draining |       |       |       |     1 ||     1
 Abil: Dig               |       |     1 |     1 |       ||     2
Evoke: Wand              |       |       |     3 |     3 ||     6
  Use: Scroll            |       |     7 |       |     2 ||     9
Armor: Robe              |     3 |     4 |    13 |     3 ||    23
       Ring mail         |       |       |       |     7 ||     7
Dodge: Dodged            |    10 |    19 |    45 |    45 ||   119
